 Dungeon Crawl Stone Soup version 0.30-a0-54-g2e61a25929 (console) character file.

Game seed: 5106357840592005748

43 Ignak the Magician (level 3, -1/25 HPs)
             Began as a Gnoll Hedge Wizard on Sept 7, 2022.
             Slain by an adder (2 damage)
             ... on level 2 of the Dungeon.
             The game lasted 00:03:19 (1517 turns).

Ignak the Magician (Gnoll Hedge Wizard)             Turns: 1517, Time: 00:03:20

Health: -1/25      AC:  4    Str:  9    XL:     3   Next: 58%
Magic:  6/11       EV: 12    Int: 15    God:
Gold:   55         SH:  0    Dex: 11    Spells: 5/16 levels left

rFire   . . .      SeeInvis .    l - +0 long sword
rCold   . . .      Faith    .    (no shield)
rNeg    . . .      Spirit   .    g - +0 leather armour
rPois   .          Reflect  .    c - +0 hat
rElec   .          Harm     .    (no cloak)
rCorr   .          Rampage  .    n - +0 pair of gloves
Will    .....      Clarity  +    (no boots)
Stlth   ++........               (no amulet)
HPRegen 0.08/turn                (no ring)
MPRegen 0.12/turn                (no ring)

@: brilliant, lethally poisoned (-1 -> -3), on blink cooldown, very slightly
contaminated
A: fangs 1, strong nose, distributed training, horns 1, clarity
a: no special abilities


You were on level 2 of the Dungeon.
You visited 1 branch of the dungeon, and saw 2 of its levels.

You collected 55 gold pieces.

Inventory:

Hand Weapons
 l - a +0 long sword (weapon)
Armour
 c - a +0 hat (worn)
 g - a +0 leather armour (worn)
 n - a +0 pair of gloves (worn)
Jewellery
 h - a ring of flight
Scrolls
 a - a scroll of vulnerability {unknown}
 f - a scroll of teleportation {unknown}
 j - 3 scrolls of amnesia {unknown}
Potions
 b - a potion of mutation
 d - a potion of magic
 i - a potion of curing {unknown}
 k - a potion of heal wounds {unknown}
 m - a potion of flight {unknown}


   Skills:
 + Level 0.9 Fighting
 + Level 0.9 Short Blades
 + Level 0.9 Long Blades
 + Level 0.9 Axes
 + Level 0.9 Maces & Flails
 + Level 0.9 Polearms
 + Level 0.9 Staves
 + Level 0.9 Ranged Weapons
 + Level 0.9 Throwing
 + Level 0.9 Armour
 + Level 4.5 Dodging
 + Level 4.2 Stealth
 + Level 0.9 Shields
 + Level 0.9 Unarmed Combat
 + Level 7.1 Spellcasting
 + Level 2.1 Conjurations
 + Level 0.6 Hexes
 + Level 2.1 Summonings
 + Level 0.6 Necromancy
 + Level 2.1 Translocations
 + Level 0.6 Transmutations
 + Level 0.6 Fire Magic
 + Level 0.6 Ice Magic
 + Level 0.6 Air Magic
 + Level 0.6 Earth Magic
 + Level 0.6 Poison Magic
 + Level 1.0 Invocations
 + Level 0.9 Evocations


You had 5 spell levels left.
You knew the following spells:

 Your Spells              Type           Power      Damage    Failure   Level
a - Magic Dart            Conj           68%        1d6       8%          1
b - Blink                 Tloc           34%        N/A       11%         2
c - Wereblood             Tmut           10%        N/A       21%         2
d - Mephitic Cloud        Conj/Pois/Air  13%        N/A       32%         3
e - Call Imp              Summ           17%        N/A       11%         2
z - Beastly Appendage     Tmut           20%        N/A       14%         1

Your spell library contained the following spells:

 Spells                   Type           Power      Damage    Failure   Level
 Slow                     Hex            40%        N/A       14%         1
 Conjure Flame            Conj/Fire      14%        6-21      30%         3
 Spider Form              Tmut/Pois      10%        N/A       38%         3


Dungeon Overview and Level Annotations

Branches:
Dungeon (2/15)

Altars:


Innate Abilities, Weirdness & Mutations

You have very sharp teeth.
Your uncanny sense of smell can sniff out nearby items.
Your experience applies equally to all skills.
You have a pair of small horns on your head.
You possess an exceptional clarity of mind.


Message History

The adder bites you but does no damage. The adder barely misses you.
You hit the adder but do no damage.
The adder is severely wounded.
The adder bites you.
* * * LOW HITPOINT WARNING * * *
You are lethally poisoned!
The adder poisons you!
Casting: Wereblood (safe; 21% risk of failure)
Confirm with . or Enter, or press ? or * to list all spells.
You blink.
Your primal bloodlust has ended.
* * * LOW HITPOINT WARNING * * *
You feel sick.
It was a potion of mutation.
You feel extremely strange. A pair of horns grows on your head!
Your thoughts seem clearer.
* * * LOW HITPOINT WARNING * * *
You feel sick.
Okay, then.
Casting: Blink (safe; 11% risk of failure)
Confirm with . or Enter, or press ? or * to list all spells.
The spell is extremely dangerous to miscast (32% risk of failure)!
Continue anyway?
Aiming: Mephitic Cloud (extremely dangerous; 32% risk of failure)
Press: ? - help, Shift-Dir - straight line, f - adder
Aim: an adder (severely wounded, chance to affect: 91%)
You miscast Mephitic Cloud.
You are very lightly contaminated with residual magic.
Nothing appears to happen.
* * * LOW HITPOINT WARNING * * *
You feel sick.
Casting: Mephitic Cloud (extremely dangerous; 32% risk of failure)
Confirm with . or Enter, or press ? or * to list all spells.
Okay, then.
Press: ? - help, v - describe, . - travel
Here: an adder (severely wounded)
The floor.
It was a potion of brilliance.
You feel clever all of a sudden.
* * * LOW HITPOINT WARNING * * *
You feel sick. The adder bites you but does no damage. The adder bites you.
You die...

######### #.......#
############.......#
#...†..............#
#.##########...S@..#
#.# #.......# ..#
#####+### ###


You could see an adder.

Vanquished Creatures
  An adder (D:2)
  A dart slug (D:1)
  2 ball pythons (D:1)
  2 endoplasms (D:1)
  A giant cockroach (D:1)
  2 hobgoblins (D:2)
  A quokka (D:1)
  3 bats
  2 frilled lizards (D:1)
  4 goblins
  2 kobolds (D:1)
  2 rats
23 creatures vanquished.

Vanquished Creatures (collateral kills)
  A dart slug (D:1)
  A ball python (D:1)
  An endoplasm (D:1)
  A giant cockroach (D:1)
  A hobgoblin (D:1)
  A goblin (D:1)
6 creatures vanquished.

Grand Total: 29 creatures vanquished

Notes
Turn   | Place    | Note
-------+----------+-------------------------------------------
     0 | D:1      | Ignak the Gnoll Hedge Wizard began the quest for the Orb.
     0 | D:1      | Reached XP level 1. HP: 13/13 MP: 8/8
   250 | D:1      | Reached XP level 2. HP: 11/19 MP: 5/10
   255 | D:1      | Learned a level 2 spell: Blink
   258 | D:1      | Learned a level 2 spell: Call Imp
   596 | D:1      | Found a faded altar of an unknown god.
   875 | D:1      | Reached XP level 3. HP: 8/25 MP: 8/11
  1086 | D:1      | Learned a level 3 spell: Mephitic Cloud
  1471 | D:2      | Learned a level 1 spell: Beastly Appendage
  1474 | D:2      | Learned a level 2 spell: Wereblood
  1489 | D:2      | Reached skill level 1 in Invocations
  1515 | D:2      | Gained mutation: You have a pair of small horns on your
                  | head. [potion of mutation]
  1515 | D:2      | Gained mutation: You possess an exceptional clarity of
                  | mind. [potion of mutation]
  1517 | D:2      | HP: 1/25 [poisoned by an adder]
  1517 | D:2      | Slain by an adder

Illustrated notes

Levels and vault maps discovered:
D:1:      onia_arrival_mini_maze, layout_basic,
          shapermc_ecumenical_altar_mp_highgroup, minmay_misc_feat_secret_circle
D:2:      layout_basic, basic_altar, kennysheep_generic_room_5

Skill      XL: |  1  2  3 |
---------------+----------+-----
Conjurations   | 2 |  2.1
Summonings     | 2 |  2.1
Translocations | 2 |  2.1
Invocations    | 1 |  1.0
Fighting       | |  0.9
Short Blades   | |  0.9
Long Blades    | |  0.9
Axes           | |  0.9
Maces & Flails | |  0.9
Polearms       | |  0.9
Staves         | |  0.9
Ranged Weapons | |  0.9
Throwing       | |  0.9
Armour         | |  0.9
Dodging        | |  4.5
Stealth        | |  4.2
Shields        | |  0.9
Unarmed Combat | |  0.9
Spellcasting   | |  7.1
Hexes          | |  0.6
Necromancy     | |  0.6
Transmutations | |  0.6
Fire Magic     | |  0.6
Ice Magic      | |  0.6
Air Magic      | |  0.6
Earth Magic    | |  0.6
Poison Magic   | |  0.6
Evocations     | |  0.9

Action                   || total
-------------------------++-------
Melee: Dagger            ||    39
       Bite              ||     9
       Punch             ||     1
       Long sword        ||    44
       Headbutt          ||     1
 Cast: Magic Dart        ||     5
       Call Imp          ||     4
       Blink             ||     1
       Beastly Appendage ||     1
       Wereblood         ||     1
  Use: Potion            ||     2
 Stab: Sleeping          ||     4
Armor: Robe              ||     2
       Leather armour    ||    22
Dodge: Dodged            ||    64

Table legend: (Time is in decaauts)
 A = Elapsed time spent in this place.
 B = Non-inter-level travel time spent in this place.
 C = Inter-level travel time spent in this place.
 D = Time resting spent in this place.
 E = Time spent auto-exploring this place.
 F = Levels seen in this place.
 G = Mean time per level.
                   A        B        C        D        E       F      G
               +--------+--------+--------+--------+--------+-----+--------+
         Total |   1531 |   1508 |     23 |    420 |    732 |   2 |  765.5 |
       Dungeon |   1531 |   1508 |     23 |    420 |    732 |   2 |  765.5 |
               +--------+--------+--------+--------+--------+-----+--------+

Top non-repeatable levels by time:
     D:1: 1305 daAuts
     D:2: 226 daAuts
